 Dungeon Crawl Stone Soup version 0.18-a0-1542-g9c1a92e (console) character file.

153 Liam the Conjurer (level 5, -1/28 HPs)
             Began as a Deep Elf Conjurer on Mar 10, 2016.
             Slain by an ice beast (12 damage)
             ... on level 3 of the Dungeon.
             The game lasted 00:04:31 (3548 turns).

Liam the Conjurer (Deep Elf Conjurer)               Turns: 3548, Time: 00:04:32

Health: -1/28      AC:  2    Str:  5    XL:     5   Next: 12%
Magic:  12/15      EV: 13    Int: 21    God:
Gold:   185        SH:  0    Dex: 15    Spells: 1 memorised, 14 levels left

rFire  . . .     SeeInvis .     (no weapon)
rCold  . . .     Gourm    .     a - +0 robe
rNeg   . . .     Faith    .     (no shield)
rPois  .         Spirit   .     (no helmet)
rElec  .         Dismiss  .     (no cloak)
rCorr  .         Reflect  .     (no gloves)
SustAt .         Harm     .     (no boots)
MR     .....                    (no amulet)
Stlth  ++........               (no ring)
                                (no ring)

@: not resistant to hostile enchantments, unstealthy
A: no striking features
a: no special abilities


You were on level 3 of the Dungeon.
You were hungry.

You visited 1 branch of the dungeon, and saw 3 of its levels.

You collected 185 gold pieces.

Inventory:

Armour
 a - a +0 robe (worn)
Jewellery
 d - a cursed -2 ring of dexterity {unknown}
 m - an uncursed ring of resist corrosion {unknown}
Scrolls
 e - a scroll of magic mapping {unknown}
 g - 2 scrolls of teleportation {unknown}
 h - 4 scrolls of remove curse {unknown}
 i - a scroll of recharging {unknown}
 j - 2 scrolls of identify {unknown}
 n - a scroll of random uselessness {unknown}
Potions
 f - 2 potions of might {unknown}
 k - a potion of mutation {unknown}
 o - a potion of agility {unknown}
Books
 b - a book of Conjurations

   Spells                             Type                      Level
   a - Magic Dart                     Conjuration                  1
   b - Searing Ray                    Conjuration                  2
   c - Dazzling Spray                 Conjuration/Hexes            3
   d - Fulminant Prism                Conjuration/Hexes            4
   e - Iskenderun's Mystic Blast      Conjuration                  4
   f - Iskenderun's Battlesphere      Conjuration/Charms           5
Comestibles
 c - 5 bread rations
 l - 2 beef jerkies
 p - a meat ration


   Skills:
 - Level 2.4 Dodging
 - Level 2.4 Stealth
 + Level 5.5 Spellcasting
 + Level 5.9 Conjurations


You had 14 spell levels left.
You knew the following spells:

 Your Spells              Type           Power        Failure   Level  Hunger
a - Magic Dart            Conj           ####         1%          1    None


Dungeon Overview and Level Annotations

Branches:
Dungeon (3/15)

Altars:


Message History

The magic dart hits the ice beast.
The ice beast is heavily wounded.
The ice beast barely misses you.
Casting: Magic Dart
Confirm with . or Enter, or press ? or * to list all spells.
Aiming: Magic Dart
Press: ? - help, Shift-Dir - straight line, f/p - ice beast
Aim: an ice beast (heavily wounded)
The magic dart hits the ice beast.
The ice beast is heavily wounded.
The ice beast hits you. The ice beast freezes you!
Ouch! That really hurt!
Casting: Magic Dart
Confirm with . or Enter, or press ? or * to list all spells.
Okay, then.
Casting: Magic Dart
Confirm with . or Enter, or press ? or * to list all spells.
Okay, then.
The ice beast hits you. The ice beast freezes you!
You die...

##### #.Y.#
#.#@# ##
#.#.....#
#.#####.# #.#
.# #.# .#
.######.#####.#
..............#
..#####.#######
#.#


You could see an ice beast.

Vanquished Creatures
  Ijyb (D:3)
  5 adders
  4 worms
  2 dart slugs (D:1)
  2 giant geckos
  An orc (D:3)
  7 bats
  3 giant cockroaches (D:3)
  9 goblins
  11 hobgoblins
  2 jackals (D:3)
  A quokka (D:3)
  A ball python (D:2)
  4 giant newts
  6 kobolds
  9 rats
68 creatures vanquished.

Notes
Turn   | Place    | Note
--------------------------------------------------------------
     0 | D:1      | Liam the Deep Elf Conjurer began the quest for the Orb.
     0 | D:1      | Reached XP level 1. HP: 10/10 MP: 6/6
   180 | D:1      | Reached XP level 2. HP: 13/15 MP: 0/8
   735 | D:1      | Reached XP level 3. HP: 19/19 MP: 6/10
  1114 | D:2      | Reached skill level 5 in Conjurations
  1705 | D:2      | Reached XP level 4. HP: 24/24 MP: 9/12
  2272 | D:3      | Reached skill level 5 in Spellcasting
  2810 | D:3      | Noticed Ijyb
  2826 | D:3      | Killed Ijyb
  2826 | D:3      | Reached XP level 5. HP: 21/28 MP: 4/15
  3530 | D:3      | Noticed an ice beast
  3548 | D:3      | Slain by an ice beast

Vault maps used:
D:1:      ncdulo_watergridlock
D:3:      uniq_crazy_yiuf_cottage, uniq_iyjb

Skill      XL: |  1  2  3  4 |
---------------+-------------+-----
Spellcasting   | 4 5 |  5.5
Conjurations   | 5 |  5.9
Dodging        | |  2.4
Stealth        | |  2.4

Action                   |  1- 3 |  4- 6 || total
-------------------------+-------+-------++-------
 Cast: Magic Dart        |    97 |    67 ||   164
  Eat: Chunk             |     2 |     5 ||     7
